 Dungeon Crawl Stone Soup version 0.27.0-1-g7a089689b8 (webtiles) character file.

Game seed: 8772548415098146139

126 MajorAdolf the Covert (level 5, -10/44 HPs)
             Began as a Naga Wanderer on Aug 4, 2021.
             Mangled by a goblin (20 damage)
             ... on level 2 of the Dungeon.
             The game lasted 00:04:20 (2958 turns).

MajorAdolf the Covert (Naga Wanderer)               Turns: 2958, Time: 00:04:21

Health: -10/44     AC: 10    Str: 13    XL:     5   Next: 9%
Magic:  5/5        EV:  8    Int: 16    God:
Gold:   47         SH:  2    Dex:  9    Spells: 4/4 levels left

rFire    . . .     SeeInvis +   m - +2 trident (protect)
rCold    . . .     Faith    .   l - +0 buckler
rNeg     . . .     Spirit   .   i - +0 robe
rPois    +         Reflect  .   n - +0 helmet
rElec    .         Harm     .   (no cloak)
rCorr    .         Rampage  .   (no gloves)
Will     .....                  (no barding)
Stlth    ++++......             (no amulet)
HPRegen  0.14/turn              (no ring)
MPRegen  0.09/turn              (no ring)

@: short of breath, under a protective aura, slowed, very slow
A: AC +1, large, see invisible, deformed body, poison resistance, slowness 2,
spit poison 1, naga tail 1
a: Spit Poison


You were on level 2 of the Dungeon.
You visited 1 branch of the dungeon, and saw 2 of its levels.

You collected 47 gold pieces.

Inventory:

Hand Weapons
 a - a +2 short sword
 b - a +0 mace
 d - a +0 dagger
 g - a +0 club
 m - a +2 trident of protection (weapon)
Armour
 i - a +0 robe (worn)
 l - a +0 buckler (worn)
 n - a +0 helmet (worn)
Jewellery
 f - an amulet of magic regeneration
Scrolls
 c - 2 scrolls of enchant armour {unknown}
 e - a scroll of amnesia {unknown}
 h - 2 scrolls of teleportation {unknown}
Potions
 j - a potion of degeneration {unknown}
 k - a potion of resistance


   Skills:
 - Level 1.0 Fighting
 - Level 2.3 Short Blades
 - Level 1.0 Bows
 - Level 1.7 Armour
 + Level 8.3 Stealth
 - Level 1.0 Evocations


You had 4 spell levels left.
You didn't know any spells.
Your spell library was empty.

Dungeon Overview and Level Annotations

Branches:
Dungeon (2/15)

Altars:

Shops:
D:2 *


Innate Abilities, Weirdness & Mutations

Your serpentine skin is tough. (AC +1)
You have supernaturally acute eyesight. (SInv)
Armour fits poorly on your strangely shaped body.
Your system is resistant to poisons. (rPois)
You cover ground very slowly.
You can spit poison.
You have a snake-like lower body.


Message History

The endoplasm is moderately wounded.
You have got your breath back.
Jessica casts a spell.
Jessica seems to speed up.
You hit the endoplasm.
The endoplasm is almost dead.
Jessica gestures at you while chanting.
You feel yourself slow down. The endoplasm barely misses you. x2
Unknown command.
You barely miss the endoplasm.
The endoplasm is almost dead.
Jessica closely misses you. The endoplasm freezes you.
You are frozen.
Jessica barely misses you. The endoplasm freezes you.
You are frozen.
Jessica barely misses you. Jessica hits you with a +0 club. x2
You hit Jessica.
Your weapon exudes an aura of protection.
You kill Jessica!
The endoplasm freezes you.
You are frozen.
Your Stealth skill increases to level 8!
You have reached level 5!
You puncture the endoplasm!
You kill the endoplasm!
The goblin hits you but does no damage. x2; You are electrocuted!!
* * * LOW HITPOINT WARNING * * *
You are too injured to fight recklessly!
You are too injured to fight recklessly!
You are too injured to fight recklessly!
You are too injured to fight recklessly!
Unknown command.
Press: ? - help, Shift-Dir - straight line, f - goblin
Aim: a goblin, wielding a +2 dagger of electrocution The splash of poison misses the goblin.
The goblin hits you with a +2 dagger of electrocution.
* * * LOW HITPOINT WARNING * * *
You are electrocuted!!
You die...

.# .# ## ########
##### #......#
....### #......#
......###......#♣##♣♣
#......##......#....
###............♣∩♣.♣
....P..##.......@#.♣♣
...PP♣..........♣g..♣
..P♣♣..........###..♣
.♣P♣...#.......#
....♣
..♣♣.......#.###
.......
...(.......#.##.
....#..
................
.#.## .
..............<. ##.#
..........#...#. .#


You could see a goblin.

Vanquished Creatures
  Jessica (D:2)
  Natasha (D:2)
  Robin (D:2)
  An adder (D:1)
  3 bats
  4 endoplasms
  6 hobgoblins
  8 jackals
  2 quokkas (D:1)
  2 ball pythons (D:1)
  3 frilled lizards
  11 goblins
  4 kobolds
  A rat (D:2)
48 creatures vanquished.

Vanquished Creatures (others)
  4 plants (D:2)
4 creatures vanquished.

Grand Total: 52 creatures vanquished

Notes
Turn   | Place    | Note
-------+----------+-------------------------------------------
     0 | D:1      | MajorAdolf the Naga Wanderer began the quest for the Orb.
     0 | D:1      | MajorAdolf set off with the following items: a +2 short
                  | sword, a +0 mace, a +0 ring mail, a +0 dagger
     0 | D:1      | Reached XP level 1. HP: 18/18 MP: 1/1
    55 | D:1      | Found a faded altar of an unknown god.
    80 | D:1      | Reached XP level 2. HP: 15/25 MP: 2/2
   431 | D:1      | Reached skill level 5 in Stealth
   648 | D:1      | HP: 1/25 [jackal (2)]
  1124 | D:1      | Reached XP level 3. HP: 31/31 MP: 3/3
  1335 | D:2      | Reached skill level 6 in Stealth
  2082 | D:2      | Noticed Natasha
  2104 | D:2      | Killed Natasha
  2105 | D:2      | Reached skill level 7 in Stealth
  2105 | D:2      | Reached XP level 4. HP: 38/38 MP: 4/4
  2301 | D:2      | Noticed Robin
  2312 | D:2      | Killed Robin
  2941 | D:2      | Found Saefops's Assorted Antiques.
  2946 | D:2      | Noticed Jessica
  2956 | D:2      | Killed Jessica
  2957 | D:2      | Reached skill level 8 in Stealth
  2957 | D:2      | Reached XP level 5. HP: 31/44 MP: 5/5
  2958 | D:2      | Mangled by a goblin

Illustrated notes

Levels and vault maps discovered:
D:1:      minmay_arrival_four_loops, layout_loops_ring,
          ebering_ecumenical_altar_sacrificial, minmay_misc_feat_columns,
          lemuel_old_faithful
D:2:      layout_rooms, serial_forest, infiniplex_forest_fountain,
          infiniplex_forest_lined_3_way, infiniplex_forest_diagonal,
          infiniplex_forest_lined_3, infiniplex_forest_lined_3,
          infiniplex_forest_corner_1, infiniplex_forest_lined_3_way,
          infiniplex_forest_clump_double, serial_shops, nicolae_shop_trees,
          minmay_crystal_room, uniq_crazy_yiuf_cottage, uniq_robin,
          uniq_jessica, uniq_natasha

Skill      XL: |  1  2  3  4 |
---------------+-------------+-----
Stealth        | 5 7 8 |  8.3
Fighting       | |  1.0
Short Blades   | |  2.3
Bows           | |  1.0
Armour         | |  1.7
Evocations     | |  1.0

Action                   |  1- 3 |  4- 6 || total
-------------------------+-------+-------++-------
Melee: Short sword       |    85 |    10 ||    95
       Trident           |       |    10 ||    10
 Abil: Spit Poison       |    23 |    12 ||    35
  Use: Potion            |     1 |       ||     1
 Stab: Sleeping          |     2 |       ||     2
Armor: Ring mail         |     1 |       ||     1
       Robe              |    19 |     8 ||    27
Dodge: Dodged            |    54 |    13 ||    67
Block: Buckler           |       |     2 ||     2
